AoeStats
← Descenter

Arabian Desert

510310696Analyzed
1v1 RM · 2d ago on Sep 30, 2026· 36m 14s· 2 players
Game mode
Random Map
Map size
Tiny (2 player)
Population
200
Speed
Normal
Resources
Standard
Victory
Conquest
Starting age
Dark Age
Ending age
Imperial Age
RankedLock teamsTeams togetherTeam positionsShared explorationLock speedFull tech treeHidden civsTurbo modeCheats
Victory
Defeat
🇨🇱 Franks · Chile
670
+17
🇨🇳 Byzantines · China
686
-17
Lord_dragr
6:49 Loom
10:06 Feudal Age
10:35 Double-Bit Axe
14:46 Scale Barding Armor
17:27 Forging
22:02 Castle Age
22:40 Stone Mining
23:51 Wheelbarrow
23:36 Squires
23:52 Gold Mining
24:08 Scale Mail Armor
24:30 Bow Saw
25:02 Chain Barding Armor
25:25 Chain Mail Armor
25:53 Pikeman
27:54 Iron Casting
33:25 Fletching
34:47 Arson
35:01 Bodkin Arrow
36:05 Gold Shaft Mining
Descenter
12:07 Feudal Age
20:43 Castle Age
21:21 Forging
Connection lost

Rejoining the realm…

Still unreachable

The connection could not be restored.

Session expired

The server has moved on; the page needs a fresh start.